 Seeded DCSS version 0.26.1-12-g5ba1501909 (webtiles) character file.

Game seed: 20211018 (custom seed)

84 jessy the Shield-Bearer (level 4, -20/41 HPs)
             Began as a Gnoll Fighter on Oct 18, 2021.
             Killed by an exploding a kobold (33 damage)
             ... exploding inner flame
             ... on level 3 of the Dungeon.
             The game lasted 00:11:22 (2006 turns).

jessy the Shield-Bearer (Gnoll Fighter)             Turns: 2006, Time: 00:11:23

Health: -20/41     AC:  7    Str: 19    XL:     4   Next: 45%
Magic:  5/5        EV:  8    Int: 11    God:
Gold:   126        SH: 10    Dex: 14    Spells: 5/5 levels left

rFire    . . .     SeeInvis .   w - +1 whip (elec)
rCold    . . .     Faith    .   c - +0 kite shield
rNeg     . . .     Spirit   .   b - +0 scale mail
rPois    .         Reflect  .   (no helmet)
rElec    .         Harm     .   (no cloak)
rCorr    .         Rampage  .   (no gloves)
Will     .....                  (no boots)
Stlth    ..........             (no amulet)
HPRegen  0.13/turn              (no ring)
MPRegen  0.09/turn              (no ring)

@: lethally poisoned (-20 -> -27)
A: distributed training, fangs 1, strong nose
a: no special abilities


You were on level 3 of the Dungeon.
You visited 1 branch of the dungeon, and saw 3 of its levels.

You collected 126 gold pieces.

Inventory:

Hand Weapons
 a - a +0 long sword
 e - a +0 spear
 f - a +0 club
 k - a +2 dagger of speed
 l - a +0 dagger
 m - a +0 short sword
 r - a +0 whip
 u - a +1 short sword of speed
 w - a +1 whip of electrocution (weapon)
 z - a +0 hunting sling
Missiles
 d - 20 bolts
 j - 45 stones (quivered)
 n - 7 arrows
 p - 2 boomerangs
 y - a poisoned dart
Armour
 b - a +0 scale mail (worn)
 c - a +0 kite shield (worn)
 h - a cursed +0 robe
 s - a +0 ring mail
Scrolls
 i - a scroll of enchant armour {unknown}
 o - a scroll of identify {unknown}
 q - 2 scrolls of amnesia {unknown}
 v - 2 scrolls of teleportation {unknown}
 A - a scroll of blinking {unknown}
Potions
 g - 2 potions of lignification {unknown}
 t - a potion of resistance {unknown}
 x - a potion of degeneration {unknown}


   Skills:
 + Level 6.6 Fighting
 + Level 1.1 Short Blades
 + Level 4.6 Long Blades
 + Level 1.1 Axes
 + Level 1.1 Maces & Flails
 + Level 1.1 Polearms
 + Level 1.1 Staves
 + Level 1.1 Slings
 + Level 1.1 Bows
 + Level 1.1 Crossbows
 + Level 1.1 Throwing
 + Level 6.6 Armour
 + Level 1.1 Dodging
 + Level 1.1 Stealth
 + Level 6.6 Shields
 + Level 1.1 Unarmed Combat
 + Level 1.1 Spellcasting
 + Level 0.9 Conjurations
 + Level 0.9 Hexes
 + Level 0.9 Summonings
 + Level 0.9 Necromancy
 + Level 0.9 Translocations
 + Level 0.9 Transmutations
 + Level 0.9 Fire Magic
 + Level 0.9 Ice Magic
 + Level 0.9 Air Magic
 + Level 0.9 Earth Magic
 + Level 0.9 Poison Magic
 + Level 1.2 Invocations
 + Level 1.1 Evocations


You had 5 spell levels left.
You didn't know any spells.
Your spell library was empty.

Dungeon Overview and Level Annotations

Branches:
Dungeon (3/15)

Altars:


Innate Abilities, Weirdness & Mutations

Your experience applies equally to all skills.
You have very sharp teeth.
Your uncanny sense of smell can sniff out nearby items.


Message History

You feel sick.
You feel sick.
The kobold throws a poisoned dart.
The poisoned dart hits you!
You are more poisoned.
You see here a poisoned dart.
You feel sick.
You feel sick.
You see here a poisoned dart.
You feel sick.
You feel sick.
You see here a poisoned dart.
y - a poisoned dart You feel sick.
You feel sick.
You feel sick. The kobold hits you with a +0 whip.
The kobold hits you but does no damage.
You hit the kobold.
The kobold explodes!
The fiery explosion engulfs you!!
Ouch! That really hurt!
You die...

.......... #.# #.#
..........####.#####.#######
#.......................^...
#.......######)####.........
'...............# #.........
#.......######..# #.........
#.......# #..# #.........
#.......#######§###.........
(.............§§@###.....###
#.......########§###.....##
######### #..##....... #
##.##.....# # #..#..... #
##.#... ##### #.#†#########
.(..# #...........# ....#
#...........#


There were no monsters in sight!

Vanquished Creatures
  2 adders (D:2)
  An ooze (D:1)
  A dart slug (D:1)
  2 leopard geckos
  A ball python (D:2)
  7 bats
  5 giant cockroaches
  6 goblins
  4 hobgoblins
  6 jackals
  10 kobolds
  A quokka (D:2)
  3 frilled lizards
  5 rats
54 creatures vanquished.

Notes
Turn   | Place    | Note
-------+----------+-------------------------------------------
     0 | D:1      | jessy the Gnoll Fighter began the quest for the Orb.
     0 | D:1      | Reached XP level 1. HP: 23/23 MP: 1/1
   219 | D:1      | Reached XP level 2. HP: 29/29 MP: 2/2
   415 | D:1      | Reached XP level 3. HP: 30/35 MP: 3/3
  1086 | D:2      | Reached skill level 1 in Invocations
  1315 | D:2      | Reached skill level 1 in Short Blades
  1315 | D:2      | Reached skill level 1 in Axes
  1315 | D:2      | Reached skill level 1 in Maces & Flails
  1315 | D:2      | Reached skill level 1 in Polearms
  1315 | D:2      | Reached skill level 1 in Staves
  1315 | D:2      | Reached skill level 1 in Slings
  1315 | D:2      | Reached skill level 1 in Bows
  1315 | D:2      | Reached skill level 1 in Crossbows
  1315 | D:2      | Reached skill level 1 in Throwing
  1315 | D:2      | Reached skill level 1 in Dodging
  1315 | D:2      | Reached skill level 1 in Stealth
  1315 | D:2      | Reached skill level 1 in Unarmed Combat
  1315 | D:2      | Reached skill level 1 in Spellcasting
  1315 | D:2      | Reached skill level 1 in Evocations
  1327 | D:2      | Reached XP level 4. HP: 13/41 MP: 5/5
  2006 | D:3      | Killed by an exploding a kobold... exploding inner flame

Illustrated notes

Levels and vault maps discovered:
D:1:      co_arrival_square_in_a_square_in_a_square, layout_basic,
          chequers_serial_rivers_marsh
D:2:      layout_basic
D:3:      layout_basic, kennysheep_generic_room_11

Skill      XL: |  1  2  3 |
---------------+----------+-----
Invocations    | 1 |  1.2
Short Blades   | 1 |  1.1
Axes           | 1 |  1.1
Maces & Flails | 1 |  1.1
Polearms       | 1 |  1.1
Staves         | 1 |  1.1
Slings         | 1 |  1.1
Bows           | 1 |  1.1
Crossbows      | 1 |  1.1
Throwing       | 1 |  1.1
Dodging        | 1 |  1.1
Stealth        | 1 |  1.1
Unarmed Combat | 1 |  1.1
Spellcasting   | 1 |  1.1
Evocations     | 1 |  1.1
Fighting       | |  6.6
Long Blades    | |  4.6
Armour         | |  6.6
Shields        | |  6.6
Conjurations   | |  0.9
Hexes          | |  0.9
Summonings     | |  0.9
Necromancy     | |  0.9
Translocations | |  0.9
Transmutations | |  0.9
Fire Magic     | |  0.9
Ice Magic      | |  0.9
Air Magic      | |  0.9
Earth Magic    | |  0.9
Poison Magic   | |  0.9

Action                   |  1- 3 |  4- 6 || total
-------------------------+-------+-------++-------
Melee: Long sword        |    48 |       ||    48
       Bite              |     6 |     5 ||    11
       Short sword       |    18 |       ||    18
       Whip              |    17 |    52 ||    69
  Use: Potion            |       |     2 ||     2
       Scroll            |       |     1 ||     1
Armor: Scale mail        |    64 |    46 ||   110
Dodge: Dodged            |    47 |    28 ||    75
Block: Kite shield       |    66 |    43 ||   109
       Rpst.: Long sword |     5 |       ||     5
